TOP OF THE 1ST |
Lowell Spinners batting - Pitching for Tri-City ValleyCats : RHP Hector Carrillo
|
Pitching: RHP Hector Carrillo
|
|
Batting: RHB Aukukero Tairi
|
0-0: Ground out 1-3 (Groundball, 15S, EV 60.0 MPH)
|
Batting: RHB Matt Parker
|
0-0: SINGLE (Groundball, 25, EV 63.1 MPH) (infield hit)
|
Batting: SHB Salvador Padilla
|
0-0: Called Strike 0-1: Swinging Strike 0-2: Ground out 4-3 (Groundball, 34D, EV 100.0 MPH) Matt Parker to second
|
Batting: RHB Xavier Joslin
|
0-0: Called Strike 0-1: Called Strike 0-2: Ball 1-2: Strikes out swinging
|
Top of the 1st over - 0 runs, 1 hit, 0 errors, 1 left on base; Lowell 0 - Tri-City 0 |
BOTTOM OF THE 1ST |
Tri-City ValleyCats batting - Pitching for Lowell Spinners : RHP Ryuhei Shimabukuro
|
Pitching: RHP Ryuhei Shimabukuro
|
|
Batting: LHB Josh Corkery
|
0-0: Foul Ball, location: 2F 0-1: Swinging Strike 0-2: Ball 1-2: Fly out, F8 (Flyball, 8RM, EV 89.4 MPH)
|
Batting: LHB Jackson Trottier
|
0-0: Ball 1-0: Ball 2-0: Ground out U3 (Groundball, 3, EV 84.4 MPH)
|
Batting: RHB Dinand Brouwer
|
0-0: Foul Ball, location: 2F 0-1: Ground out 5-3 (Groundball, 56S, EV 74.4 MPH)
|
Bottom of the 1st over - 0 runs, 0 hits, 0 errors, 0 left on base; Lowell 0 - Tri-City 0 |
TOP OF THE 2ND |
Lowell Spinners batting - Pitching for Tri-City ValleyCats : RHP Hector Carrillo
|
Batting: RHB Raul Sanchez
|
0-0: Called Strike 0-1: Fly out, F7 (Flyball, 7LMF, EV 103.1 MPH)
|
Batting: RHB Mario Arriero
|
0-0: Ground out 6-3 (Groundball, 6M, EV 85.0 MPH)
|
Batting: RHB Willie Camacho
|
0-0: Ball 1-0: Ball 2-0: Called Strike 2-1: Ball 3-1: Base on Balls
|
Batting: LHB Robert Gonzalez
|
0-0: Called Strike 0-1: Ball 1-1: Fly out, F5 (Popup, 5, EV 65.0 MPH)
|
Top of the 2nd over - 0 runs, 0 hits, 0 errors, 1 left on base; Lowell 0 - Tri-City 0 |
BOTTOM OF THE 2ND |
Tri-City ValleyCats batting - Pitching for Lowell Spinners : RHP Ryuhei Shimabukuro
|
Batting: LHB Wade Girard
|
0-0: Swinging Strike 0-1: Swinging Strike 0-2: Ball 1-2: Ball 2-2: Fly out, F5 (Flyball, 56D, EV 89.4 MPH)
|
Batting: RHB Omar Amaya
|
0-0: Called Strike 0-1: Ball 1-1: Ball 2-1: Foul Ball, location: 2F 2-2: Foul Ball, location: 2F 2-2: Ball 3-2: Strikes out looking
|
Batting: RHB Kieron Clark
|
0-0: Ball 1-0: Called Strike 1-1: Ball 2-1: Swinging Strike 2-2: Foul Ball, location: 2F 2-2: Ground out 5-3 (Groundball, 56, EV 104.4 MPH)
|
Bottom of the 2nd over - 0 runs, 0 hits, 0 errors, 0 left on base; Lowell 0 - Tri-City 0 |
TOP OF THE 3RD |
Lowell Spinners batting - Pitching for Tri-City ValleyCats : RHP Hector Carrillo
|
Batting: RHB Rogelio Cervantes
|
0-0: Ball 1-0: Called Strike 1-1: Swinging Strike 1-2: SINGLE (Groundball, 6M, EV 95.0 MPH) (infield hit)
|
Batting: RHB Aukukero Tairi
|
0-0: Ball Rogelio Cervantes is caught stealing 2nd base 2-4 1-0: Ball 2-0: Ball 3-0: Called Strike 3-1: Foul Ball, location: 2F 3-2: Strikes out swinging
|
Batting: RHB Matt Parker
|
0-0: Ball 1-0: SINGLE (Groundball, 6S, EV 66.9 MPH) (infield hit)
|
Batting: SHB Salvador Padilla
|
0-0: Called Strike 0-1: Ball 1-1: Foul Ball, location: 2F 1-2: Ball 2-2: Ball 3-2: Fly out, F7 (Line Drive, 7, EV 96.2 MPH)
|
Top of the 3rd over - 0 runs, 2 hits, 0 errors, 1 left on base; Lowell 0 - Tri-City 0 |
BOTTOM OF THE 3RD |
Tri-City ValleyCats batting - Pitching for Lowell Spinners : RHP Ryuhei Shimabukuro
|
Batting: SHB Sean Hill
|
0-0: Ball 1-0: Called Strike 1-1: Foul Ball, location: 2F 1-2: Ball 2-2: Ball 3-2: Foul Ball, location: 2F 3-2: Foul Ball, location: 2F 3-2: Strikes out looking
|
Batting: RHB Ray Souza
|
0-0: SINGLE (Groundball, 6MD, EV 103.1 MPH)
|
Batting: RHB Patrick Pinault
|
0-0: DOUBLE (Groundball, 5L, EV 93.8 MPH) Ray Souza to third
|
Batting: LHB Josh Corkery
|
0-0: Foul Ball, location: 2F 0-1: Ground out 6-3 (Groundball, 6, EV 88.1 MPH) Ray Souza scores Patrick Pinault to third
|
Batting: LHB Jackson Trottier
|
0-0: Hit by Pitch
|
Batting: RHB Dinand Brouwer
|
0-0: Ball 1-0: Ball 2-0: Called Strike 2-1: Called Strike Jackson Trottier is caught stealing 2nd base 2-4
|
Bottom of the 3rd over - 1 run, 2 hits, 0 errors, 1 left on base; Lowell 0 - Tri-City 1 |
TOP OF THE 4TH |
Lowell Spinners batting - Pitching for Tri-City ValleyCats : RHP Hector Carrillo
|
Batting: RHB Xavier Joslin
|
0-0: Ball 1-0: Ball 2-0: Ball 3-0: Called Strike 3-1: Called Strike 3-2: Foul Ball, location: 2F 3-2: Base on Balls
|
Batting: RHB Raul Sanchez
|
0-0: Called Strike 0-1: Ball 1-1: Foul Ball, location: 2F 1-2: Strikes out swinging
|
Batting: RHB Mario Arriero
|
0-0: Called Strike 0-1: Ball 1-1: Ball 2-1: Foul Ball, location: 2F 2-2: Strikes out swinging
|
Batting: RHB Willie Camacho
|
0-0: Called Strike 0-1: Foul Ball, location: 2F 0-2: Strikes out swinging
|
Top of the 4th over - 0 runs, 0 hits, 0 errors, 1 left on base; Lowell 0 - Tri-City 1 |
BOTTOM OF THE 4TH |
Tri-City ValleyCats batting - Pitching for Lowell Spinners : RHP Ryuhei Shimabukuro
|
Batting: RHB Dinand Brouwer
|
0-0: Called Strike 0-1: Ball 1-1: Ball 2-1: Ball 3-1: Fly out, F7 (Flyball, 78M, EV 94.4 MPH)
|
Batting: LHB Wade Girard
|
0-0: Foul Ball, location: 2F 0-1: Called Strike 0-2: Strikes out looking
|
Batting: RHB Omar Amaya
|
0-0: Swinging Strike 0-1: Ball 1-1: DOUBLE (Line Drive, 8LXD, EV 104.4 MPH)
|
Batting: RHB Kieron Clark
|
0-0: Ball 1-0: Called Strike 1-1: Foul Ball, location: 2F 1-2: Ground out 4-3 (Groundball, 4, EV 85.0 MPH)
|
Bottom of the 4th over - 0 runs, 1 hit, 0 errors, 1 left on base; Lowell 0 - Tri-City 1 |
TOP OF THE 5TH |
Lowell Spinners batting - Pitching for Tri-City ValleyCats : RHP Hector Carrillo
|
Batting: LHB Robert Gonzalez
|
0-0: Foul Ball, location: 2F 0-1: DOUBLE (Line Drive, 7LM, EV 100.0 MPH)
|
Batting: RHB Rogelio Cervantes
|
0-0: Ball 1-0: Foul Ball, location: 2F 1-1: Foul Ball, location: 2F 1-2: Strikes out swinging
|
Batting: RHB Aukukero Tairi
|
0-0: Ball 1-0: Ball 2-0: Ball 3-0: Base on Balls
|
Batting: RHB Matt Parker
|
0-0: Fielders Choice at 2nd, 1-4 (Groundball, 15S, EV 73.8 MPH) Robert Gonzalez to third
|
Batting: SHB Salvador Padilla
|
0-0: Reached on error, E5 (Groundball, 56S, EV 76.9 MPH) Robert Gonzalez scores Matt Parker to second
|
Batting: RHB Xavier Joslin
|
0-0: Swinging Strike 0-1: Swinging Strike 0-2: Ground out U3 (Groundball, 3, EV 109.4 MPH)
|
Top of the 5th over - 1 run, 1 hit, 1 error, 2 left on base; Lowell 1 - Tri-City 1 |
BOTTOM OF THE 5TH |
Tri-City ValleyCats batting - Pitching for Lowell Spinners : RHP Ryuhei Shimabukuro
|
Batting: SHB Sean Hill
|
0-0: Ball 1-0: Fly out, F8 (Flyball, 8LD, EV 86.2 MPH)
|
Batting: RHB Ray Souza
|
0-0: Ground out 6-3 (Groundball, 6, EV 86.9 MPH)
|
Batting: RHB Patrick Pinault
|
0-0: Foul Ball, location: 2F 0-1: Swinging Strike 0-2: Ball 1-2: Strikes out swinging
|
Bottom of the 5th over - 0 runs, 0 hits, 0 errors, 0 left on base; Lowell 1 - Tri-City 1 |
TOP OF THE 6TH |
Lowell Spinners batting - Pitching for Tri-City ValleyCats : RHP Hector Carrillo
|
Batting: RHB Raul Sanchez
|
0-0: Ball 1-0: Called Strike 1-1: Fly out, F1 (Line Drive, P, EV 73.1 MPH)
|
Batting: RHB Mario Arriero
|
0-0: Ball 1-0: Foul Ball, location: 2F 1-1: Ball 2-1: Ball 3-1: Base on Balls
|
Batting: RHB Willie Camacho
|
0-0: Foul Ball, location: 2F 0-1: Ball Passed Ball! Mario Arriero to second 1-1: Ball 2-1: Ball 3-1: Called Strike 3-2: Foul Ball, location: 2F 3-2: Base on Balls
|
Batting: LHB Robert Gonzalez
|
0-0: Called Strike 0-1: DOUBLE (Groundball, 3L, EV 108.8 MPH) Mario Arriero scores Willie Camacho to third
|
Batting: RHB Rogelio Cervantes
|
0-0: Ground out 4-3 (Groundball, 4, EV 109.4 MPH)
|
Batting: RHB Aukukero Tairi
|
0-0: Ball 1-0: Ball 2-0: Foul Ball, location: 2F 2-1: Called Strike 2-2: Ball 3-2: SINGLE (Groundball, 4MD, EV 97.5 MPH) Willie Camacho scores Robert Gonzalez to third Runner from 3rd tries for Home, SAFE, throw by CF to home
|
Pitching: RHP Robin Yelland
|
|
Batting: RHB Matt Parker
|
0-0: Reached on error, E5 (Groundball, 5S, EV 88.8 MPH) Aukukero Tairi to second
|
Batting: SHB Salvador Padilla
|
0-0: Ball 1-0: Foul Ball, location: 2F 1-1: Ball 2-1: Called Strike 2-2: Ball 3-2: Strikes out swinging
|
Top of the 6th over - 3 runs, 2 hits, 1 error, 2 left on base; Lowell 4 - Tri-City 1 |
BOTTOM OF THE 6TH |
Tri-City ValleyCats batting - Pitching for Lowell Spinners : RHP Ryuhei Shimabukuro
|
Batting: LHB Josh Corkery
|
0-0: Ball 1-0: Foul Ball, location: 2F 1-1: Ball 2-1: Ball 3-1: Base on Balls
|
Batting: LHB Jackson Trottier
|
0-0: Ball Josh Corkery steals 2nd base 1-0: Fly out, F9 (Line Drive, 9, EV 97.5 MPH)
|
Batting: RHB Dinand Brouwer
|
0-0: Ball 1-0: Ball 2-0: Ball 3-0: Called Strike 3-1: Foul Ball, location: 2F 3-2: Base on Balls
|
Batting: LHB Wade Girard
|
0-0: Called Strike 0-1: Ball 1-1: Ball 2-1: Called Strike 2-2: Fly out, F5 (Popup, 6, EV 64.4 MPH)
|
Batting: RHB Omar Amaya
|
0-0: Called Strike 0-1: Ground out 5-3 (Groundball, 56S, EV 70.0 MPH)
|
Bottom of the 6th over - 0 runs, 0 hits, 0 errors, 2 left on base; Lowell 4 - Tri-City 1 |
TOP OF THE 7TH |
Lowell Spinners batting - Pitching for Tri-City ValleyCats : RHP Robin Yelland
|
Batting: RHB Xavier Joslin
|
0-0: Reached on error, E1 (Groundball, 34S, EV 71.2 MPH)
|
Batting: RHB Raul Sanchez
|
0-0: Called Strike 0-1: Foul Ball, location: 2F 0-2: Ball 1-2: SINGLE (Groundball, 4D, EV 104.4 MPH) Xavier Joslin to third Runner from 3rd tries for Home, SAFE, throw by RF to home
|
Batting: RHB Mario Arriero
|
0-0: Bunted foul 0-1: Ball 1-1: Bunt missed! 1-2: Strikes out swinging
|
Batting: RHB Willie Camacho
|
0-0: Called Strike 0-1: Grounds into double play, 6-4-3 (Groundball, 6, EV 80.0 MPH)
|
Top of the 7th over - 1 run, 1 hit, 1 error, 0 left on base; Lowell 5 - Tri-City 1 |
BOTTOM OF THE 7TH |
Tri-City ValleyCats batting - Pitching for Lowell Spinners : RHP Ryuhei Shimabukuro
|
Pitching: RHP Josiah Russell
|
|
Batting: RHB Kieron Clark
|
0-0: Foul Ball, location: 2F 0-1: Ball 1-1: Foul Ball, location: 2F 1-2: Foul Ball, location: 2F 1-2: Strikes out looking
|
Batting: SHB Sean Hill
|
0-0: Called Strike 0-1: Ball 1-1: Swinging Strike 1-2: Ball 2-2: Ball 3-2: Foul Ball, location: 2F 3-2: Strikes out swinging
|
Batting: RHB Ray Souza
|
0-0: Fly out, F8 (Flyball, 8RD, EV 101.9 MPH)
|
Bottom of the 7th over - 0 runs, 0 hits, 0 errors, 0 left on base; Lowell 5 - Tri-City 1 |
TOP OF THE 8TH |
Lowell Spinners batting - Pitching for Tri-City ValleyCats : RHP Robin Yelland
|
Batting: LHB Robert Gonzalez
|
0-0: Ball 1-0: Called Strike 1-1: Ball 2-1: Ground out 6-3 (Groundball, 6M, EV 101.2 MPH)
|
Batting: RHB Rogelio Cervantes
|
0-0: Swinging Strike 0-1: Ground out 6-3 (Groundball, 56, EV 83.1 MPH)
|
Batting: RHB Aukukero Tairi
|
0-0: Swinging Strike 0-1: Foul Ball, location: 2F 0-2: Foul Ball, location: 2F 0-2: Ball 1-2: Ball 2-2: Fly out, F7 (Flyball, 7D, EV 101.9 MPH)
|
Top of the 8th over - 0 runs, 0 hits, 0 errors, 0 left on base; Lowell 5 - Tri-City 1 |
BOTTOM OF THE 8TH |
Tri-City ValleyCats batting - Pitching for Lowell Spinners : RHP Josiah Russell
|
Batting: RHB Patrick Pinault
|
0-0: Ball 1-0: Ball 2-0: Foul Ball, location: 2F 2-1: Fly out, F6 (Line Drive, 6M, EV 73.1 MPH)
|
Batting: LHB Josh Corkery
|
0-0: Ball 1-0: Ball 2-0: Ball 3-0: Called Strike 3-1: Base on Balls
|
Batting: LHB Jackson Trottier
|
0-0: Ball 1-0: Ball 2-0: Ball 3-0: Called Strike 3-1: Foul Ball, location: 2F 3-2: Strikes out swinging
|
Batting: RHB Dinand Brouwer
|
0-0: Ball 1-0: Ball 2-0: Ball 3-0: Called Strike 3-1: Base on Balls Josh Corkery to second
|
Batting: LHB Wade Girard
|
0-0: Called Strike 0-1: Foul Ball, location: 2F 0-2: Strikes out swinging
|
Bottom of the 8th over - 0 runs, 0 hits, 0 errors, 2 left on base; Lowell 5 - Tri-City 1 |
TOP OF THE 9TH |
Lowell Spinners batting - Pitching for Tri-City ValleyCats : RHP Robin Yelland
|
Batting: RHB Matt Parker
|
0-0: Ball 1-0: Called Strike 1-1: Swinging Strike 1-2: Strikes out looking
|
Batting: SHB Salvador Padilla
|
0-0: Called Strike 0-1: Foul Ball, location: 2F 0-2: Ball 1-2: Ball 2-2: Foul Ball, location: 2F 2-2: Strikes out swinging
|
Batting: RHB Xavier Joslin
|
0-0: Ball 1-0: Ball 2-0: Called Strike 2-1: Swinging Strike 2-2: Foul Ball, location: 2F 2-2: Ball 3-2: Strikes out swinging, 2-3 out at first.
|
Top of the 9th over - 0 runs, 0 hits, 0 errors, 0 left on base; Lowell 5 - Tri-City 1 |
BOTTOM OF THE 9TH |
Tri-City ValleyCats batting - Pitching for Lowell Spinners : RHP Josiah Russell
|
Batting: RHB Omar Amaya
|
0-0: Ball 1-0: DOUBLE (Groundball, 5L, EV 102.5 MPH)
|
Batting: RHB Kieron Clark
|
0-0: Ball 1-0: Ball 2-0: Foul Ball, location: 2F 2-1: Foul Ball, location: 2F 2-2: Ball 3-2: Base on Balls
|
Pitching: RHP Tim Tucker
|
|
Batting: SHB Sean Hill
|
0-0: Ball 1-0: Ball 2-0: Called Strike 2-1: Ball 3-1: Base on Balls Omar Amaya to third Kieron Clark to second
|
Pinch Hitting: LHB Tomas de Zeeuw
|
0-0: Ball 1-0: Ball 2-0: SINGLE (Groundball, 3D, EV 111.2 MPH) Omar Amaya scores Kieron Clark to third Sean Hill to second
|
Pinch Hitting: RHB Yoshitoshi Mori
|
0-0: Ball 1-0: Ball 2-0: Foul Ball, location: 2F 2-1: Fly out, F8 (Flyball, 8RD, EV 101.2 MPH)
|
Batting: LHB Josh Corkery
|
0-0: Called Strike 0-1: Ball 1-1: Foul Ball, location: 2F 1-2: Ball 2-2: Ball 3-2: Strikes out swinging
|
Batting: LHB Jackson Trottier
|
0-0: Swinging Strike 0-1: Ball 1-1: Ball 2-1: Ball 3-1: Base on Balls Kieron Clark scores Sean Hill to third Tomas de Zeeuw to second
|
Batting: RHB Dinand Brouwer
|
0-0: Swinging Strike 0-1: Ball 1-1: Foul Ball, location: 2F 1-2: Foul Ball, location: 2F 1-2: Strikes out swinging
|
Bottom of the 9th over - 2 runs, 2 hits, 0 errors, 3 left on base; Lowell 5 - Tri-City 3 |
|